Map: Submarine LE

Players

Solar - Winner!

  • Race: Zerg Zerg
  • League: Master
  • Spawn Location: 11:00

Trap

  • Race: Protoss Protoss
  • League: Master
  • Spawn Location: 5:00

VOD

Have the link to the VOD?

Description

Time

  • Played on: Jan. 16, 2021, 12:09 p.m.
  • Length: 13:45
Show
View Real Time Build Order
Export as new Build Order

Solar Zerg - Winner!

Build Orders: Hatch First 

Get SALT Encoding   

  12  0:00  Drone  
  13  0:12  Overlord  
  13  0:17  Drone  
  14  0:31  Drone  
  15  0:44  Hatchery  
  15  0:47  Drone  
  15  0:51  Drone  
  15  0:55  Drone  
  17  1:05  Extractor  
  17  1:08  Drone  
  17  1:15  Spawning Pool  
  16  1:18  Drone  
  16  1:22  Drone  
  18  1:32  Drone  
  19  1:42  Drone  
  20  1:52  Drone  
  21  1:56  Overlord  
  21  2:01  Queen x2  
  21  2:03  Zergling x2  
  21  2:07  Zergling x2  
  27  2:12  Metabolic Boost  
  27  2:17  Drone x2  
  29  2:26  Drone  
  29  2:27  Drone  
  31  2:40  Drone  
  32  2:47  Queen, Hatchery  
  32  2:51  Overlord  
  33  2:55  Drone  
  33  2:56  Drone  
  33  2:58  Drone  
  36  3:02  Overlord  
  36  3:10  Zergling x2  
  36  3:12  Drone x3  
  40  3:13  Zergling x2  
  41  3:23  Queen  
  41  3:26  Zergling x2  
  41  3:27  Drone  
  45  3:35  Drone x2  
  47  3:44  Drone x2  
  47  3:45  Drone x3  
  47  3:47  Roach Warren  
  51  3:49  Overlord  
  51  3:50  Drone  
  51  3:51  Extractor  
  51  3:52  Overlord  
  51  3:54  Drone  
  52  3:59  Overlord  
  52  4:01  Drone  
  53  4:07  Drone  
  53  4:09  Drone  
  54  4:17  Zergling x14  
  54  4:19  Spore Crawler  
  54  4:22  Spore Crawler  
  60  4:25  Spore Crawler  
  60  4:28  Roach x2  
  63  4:32  Roach  
  63  4:33  Roach x2  
  63  4:35  Roach  
  63  4:37  Zergling x6  
  73  4:40  Overlord, Spine Crawler  
  71  4:46  Overlord  
  71  4:50  Roach  
  71  4:52  Overlord x2  
  73  4:55  Overlord  
  73  4:58  Overlord  
  73  5:01  Roach  
  73  5:03  Roach  
  73  5:06  Roach  
  77  5:07  Roach  
  77  5:12  Roach  
  77  5:13  Roach  
  78  5:15  Zergling x2  
  78  5:18  Zergling x2  
  75  5:23  Zergling x4  
  75  5:25  Zergling x2  
  77  5:30  Zergling x6  
  78  5:36  Zergling x2  
  78  5:37  Zergling x2  
  78  5:39  Roach  
  78  5:42  Zergling x2  
  76  5:44  Zergling x2  
  76  5:48  Zergling x2  
  77  5:53  Zergling x8  
  81  6:00  Drone x3  
  84  6:06  Queen  
  84  6:10  Queen  
  87  6:12  Drone  
  87  6:17  Drone x2  
  87  6:18  Drone  
  89  6:20  Drone  
  89  6:21  Drone  
  89  6:23  Drone  
  90  6:32  Drone x3  
  92  6:33  Drone  
  92  6:34  Ravager  
  92  6:36  Zergling x6  
  96  6:41  Zergling x4  
  96  6:44  Extractor, Ravager x2  
  96  6:46  Zergling x2  
  98  6:48  Ravager  
  98  6:49  Zergling x2  
  98  6:50  Zergling x2  
  101  6:54  Overlord  
  101  6:58  Spore Crawler  
  100  7:01  Zergling x2  
  100  7:02  Zergling x2  
  100  7:05  Roach  
  100  7:06  Roach x2  
  107  7:09  Zergling x4  
  107  7:15  Ravager  
  110  7:16  Zergling x2  
  110  7:19  Roach x2  
  110  7:20  Zergling x10  
  119  7:23  Roach  
  119  7:28  Roach  
  122  7:30  Roach  
  122  7:32  Drone  
  122  7:35  Zergling x6  
  122  7:36  Overlord  
  127  7:38  Ravager  
  127  7:41  Overlord  
  127  7:43  Overlord  
  128  7:47  Overlord  
  123  7:56  Zergling x14  
  112  8:00  Zergling x2  
  112  8:02  Lair  
  112  8:04  Zergling x2  
  104  8:06  Zergling x4  
  104  8:10  Zergling x4  
  104  8:12  Zergling x2  
  106  8:19  Ravager x3  
  109  8:25  Drone x3  
  112  8:27  Roach x3  
  112  8:28  Zergling x4  
  112  8:32  Zergling x4  
  112  8:34  Zergling x2  
  122  8:37  Zergling x2  
  118  8:43  Roach x2  
  118  8:47  Roach, Queen  
  108  8:49  Roach  
  108  8:52  Roach  
  108  8:55  Ravager  
  89  8:56  Zergling x2, Roach  
  89  8:58  Zergling x2  
  89  8:59  Zergling x2  
  89  9:00  Zergling x2  
  84  9:03  Zergling x2  
  84  9:06  Zergling x2  
  84  9:08  Zergling x2  
  84  9:09  Ravager  
  79  9:12  Zergling x2  
  79  9:13  Ravager  
  79  9:15  Zergling x4  
  80  9:21  Ravager  
  80  9:22  Zergling x6  
  84  9:26  Roach  
  84  9:28  Roach  
  86  9:32  Zergling x2  
  86  9:33  Zergling x4  
  87  9:39  Ravager  
  87  9:40  Zergling x2  
  87  9:42  Roach  
  87  9:43  Zergling x2  
  90  9:46  Zergling x4  
  90  9:50  Zergling x4  
  89  9:53  Glial Reconstitution  
  89  9:56  Zergling x2, Roach  
  89  9:59  Zergling x6  
  95  10:04  Ravager  
  95  10:05  Zergling x8  
  99  10:13  Roach  
  101  10:19  Roach x3  
  107  10:24  Drone x3  
  107  10:26  Drone  
  111  10:29  Queen  
  111  10:31  Drone  
  111  10:34  Drone  
  103  10:38  Zergling x4  
  103  10:41  Roach  
  102  10:48  Ravager x2  
  104  10:52  Roach x3  
  104  10:53  Zergling x6  
  111  10:57  Drone x2  
  111  10:59  Drone  
  111  11:03  Zergling x4  
  115  11:06  Zergling x2  
  115  11:11  Zergling x4  
  115  11:13  Ravager x2  
  115  11:16  Roach  
  121  11:22  Zergling x8  
  125  11:27  Zergling x6  
  125  11:32  Zergling x6  
  131  11:36  Zergling x4  
  131  11:39  Drone  
  135  11:40  Drone  
  135  11:43  Extractor, Drone  
  128  11:50  Spire  
  128  11:51  Drone  
  128  11:54  Drone  
  128  11:55  Extractor  
  128  11:57  Drone  
  128  11:58  Overseer  
  128  12:02  Drone x2  
  128  12:06  Drone x2  
  128  12:07  Drone  
  131  12:11  Roach  
  131  12:12  Ravager  
  131  12:14  Drone  
  131  12:15  Drone  
  133  12:16  Extractor  
  133  12:17  Drone  
  133  12:19  Zergling x2  
  134  12:26  Roach x2  
  134  12:29  Roach  
  140  12:32  Overlord  
  140  12:35  Zergling x4  
  141  12:39  Zergling x6  
  141  12:43  Roach x3  
  144  12:44  Roach  
  146  12:51  Roach  
  146  12:52  Roach x2  
  146  12:57  Roach x2  
  150  13:01  Roach x2  
  143  13:05  Zergling x2  
  143  13:06  Zergling x4  
  143  13:08  Roach  
  118  13:13  Roach x2  
  118  13:16  Roach x2  
  118  13:22  Ravager  
  118  13:23  Ravager  
  118  13:24  Zergling x4  
  118  13:26  Roach x2  
  117  13:27  Zergling x2  
Show
View Real Time Build Order
Export as new Build Order

Trap Protoss 

Build Orders: 1 Gate Expand, Mass Adepts 

Get SALT Encoding   

  12  0:00  Probe  
  13  0:12  Probe  
  14  0:17  Pylon  
  14  0:24  Probe (Chrono Boost)  
  15  0:36  Probe (Chrono Boost)  
  16  0:44  Gateway  
  16  0:45  Probe (Chrono Boost)  
  17  0:50  Probe  
  17  0:53  Assimilator  
  18  1:03  Probe  
  19  1:15  Probe  
  20  1:25  Nexus  
  20  1:34  Cybernetics Core  
  20  1:37  Probe  
  21  1:44  Assimilator  
  21  1:49  Probe  
  21  1:53  Pylon  
  22  2:01  Probe  
  23  2:08  Adept (Chrono Boost)  
  23  2:11  Warp Gate  
  23  2:13  Probe  
  26  2:19  Pylon  
  26  2:25  Probe  
  26  2:27  Twilight Council  
  27  2:35  Adept  
  29  2:41  Probe (Chrono Boost)  
  29  2:42  Probe (Chrono Boost)  
  31  2:48  Robotics Facility  
  33  2:52  Probe (Chrono Boost)  
  33  2:53  Probe (Chrono Boost)  
  34  2:59  Probe (Chrono Boost)  
  34  3:01  Resonating Glaives (Chrono Boost), Probe (Chrono Boost)  
  34  3:04  Probe (Chrono Boost)  
  35  3:09  Probe  
  37  3:13  Gateway  
  37  3:17  Stalker  
  39  3:20  Probe  
  39  3:22  Probe  
  41  3:30  Gateway  
  41  3:34  Gateway  
  41  3:40  Warp Prism (Chrono Boost)  
  41  3:48  Pylon  
  43  3:54  Shield Battery  
  43  4:00  Gateway  
  43  4:01  Gateway  
  43  4:05  Probe  
  43  4:07  Adept x2  
  48  4:14  Pylon  
  48  4:25  Pylon  
  48  4:29  Adept x3  
  54  4:33  Adept  
  54  4:34  Pylon  
  54  4:38  Pylon  
  56  4:54  Adept x5  
  56  4:55  Adept  
  56  4:58  Pylon  
  66  5:17  Adept x5  
  66  5:19  Adept  
  74  5:39  Adept x3  
  74  5:40  Adept x3  
  80  5:49  Immortal (Chrono Boost)  
  80  5:53  Probe x2  
  82  5:58  Pylon  
  82  6:00  Zealot  
  82  6:03  Assimilator  
  84  6:24  Immortal (Chrono Boost)  
  84  6:27  Pylon  
  84  6:29  Pylon  
  84  6:37  Adept  
  84  6:51  Pylon  
  84  6:52  Pylon  
  84  6:54  Immortal (Chrono Boost)  
  84  7:01  Adept x6  
  96  7:21  Observer (Chrono Boost)  
  97  7:24  Adept x6  
  102  7:56  Adept x3  
  102  7:57  Adept x3  
  93  8:04  Adept x2  
  93  8:05  Adept x4  
  80  8:06  Immortal (Chrono Boost)  
  82  8:34  Adept x4  
  90  8:43  Adept  
  90  8:44  Adept  
  64  8:57  Adept x2  
  64  8:59  Observer  
  64  9:02  Adept  
  48  9:16  Sentry x3  
  52  9:18  Adept  
  52  9:23  Sentry  
  56  9:35  Adept x2  
  60  9:39  Adept  
  58  9:53  Sentry, Adept x2  
  58  9:57  Probe  
  58  9:59  Probe  
  64  10:09  Probe (Chrono Boost)  
  64  10:11  Probe (Chrono Boost)  
  66  10:17  Robotics Bay  
  66  10:20  Probe (Chrono Boost)  
  68  10:21  Probe (Chrono Boost)  
  68  10:23  Sentry  
  70  10:28  Probe x2  
  70  10:40  Immortal (Chrono Boost)  
  70  10:46  Assimilator  
  70  10:47  Probe x2  
  76  10:51  Observer  
  76  11:09  Disruptor (Chrono Boost)  
  76  11:10  Gravitic Drive  
  79  11:20  Zealot  
  81  11:33  Adept, Observer  
  81  11:34  Adept  
  81  11:37  Disruptor (Chrono Boost)  
  88  11:51  Stalker x3  
  89  12:11  Disruptor (Chrono Boost)  
  88  12:17  Stalker x3  
  88  12:18  Stalker x2  
  98  12:26  Adept  
  100  12:32  Pylon  
  100  12:50  Stalker x5  
  66  13:31  Stalker x5  
  66  13:32  Sentry  
Tags
 
Add a new tag
Caveats
  • Supply blocks, unpowered buildings, or Contaminate may cause inaccurate times.
  • Supply counts are checked every 10 seconds.